 Dungeon Crawl Stone Soup version 0.31-a0-716-gc7603755dd (webtiles) character file.

Game seed: 17546828078117216345

336 Shayle the Trooper (level 6, -2/62 HPs)
             Began as an Ogre Shapeshifter on Sept 10, 2023.
             Slain by a black bear (3 damage)
             ... on level 5 of the Dungeon on Sept 11, 2023.
             The game lasted 00:07:53 (3289 turns).

Shayle the Trooper (Ogre Shapeshifter)              Turns: 3289, Time: 00:07:54

Health: -2/62      AC:  3    Str: 22    XL:     6   Next: 54%
Magic:  19/19      EV:  9    Int: 13    God:
Gold:   189        SH:  0    Dex:  8    Spells: 11/11 levels left

rFire   . . .        v - +1 trident (protect)
rCold   . . .        (no shield)
rNeg    . . .        a - +0 animal skin
rPois   .            (helmet currently unavailable)
rElec   .            (cloak currently unavailable)
rCorr   .            (gloves unavailable)
SInv    .            (boots unavailable)
Will    .....        (no amulet)
Stlth   +            k - ring "Yphoc" {MP+9 Str+3}
HPRegen 0.30/turn    (no ring)
MPRegen 0.16/turn

%: no passive effects
@: beast-form
A: beast (slay +2), large, unfitting armour, tough skin 1
a: Begin Untransformation


You were on level 5 of the Dungeon.
You were a hulking beast.
You visited 1 branch of the dungeon, and saw 5 of its levels.

You collected 189 gold pieces.

Inventory:

Hand Weapons
 p - a +4 spear
 v - a +1 trident of protection (weapon)
Missiles
 j - 2 throwing nets
Armour
 a - a +0 animal skin (worn)
Jewellery
 i - an amulet of faith
 k - the ring "Yphoc" (left hand) {MP+9 Str+3}
   (You found it on level 2 of the Dungeon)

   [ring of magical power]

   Str+3:     It affects your strength (+3).
   MP+9:      It affects your magic capacity (+9).
Talismans
 c - a beast talisman (active)
 d - a flux talisman
Wands
 o - a wand of paralysis (6)
 u - a wand of quicksilver (7)
Scrolls
 e - 2 scrolls of vulnerability {unknown}
 l - a scroll of fear {unknown}
 n - 2 scrolls of immolation {unknown}
 q - a scroll of enchant weapon {unknown}
 s - a scroll of teleportation {unknown}
 t - a scroll of brand weapon {unknown}
Potions
 b - a potion of lignification
 f - 3 potions of mutation
 g - 3 potions of curing
 h - a potion of brilliance
 m - a potion of berserk rage {unknown}


   Skills:
 + Level 4.3 Fighting
 - Level 1.7 Dodging
 + Level 4.0 Unarmed Combat
 + Level 3.1 Spellcasting
 + Level 4.1 Shapeshifting


You had 11 spell levels left.
You didn't know any spells.
Your spell library contained the following spells:

 Spells                   Type           Power      Damage    Failure   Level
 Apportation              Tloc           4%         N/A       22%         1
 Necrotise                Necr           8%         1d4       22%         1
 Summon Small Mammal      Summ           8%         N/A       22%         1
 Ensorcelled Hibernation  Hex/Ice        4%         N/A       34%         2
 Jinxbite                 Hex            4%         N/A       34%         2
 Anguish                  Hex/Necr       1%         N/A       92%         4


Dungeon Overview and Level Annotations

Branches:
Dungeon (5/15)             Temple (0/1) D:5

Altars:
Wu Jian

Shops:
D:1 =

Annotations:
D:4 Grinder


Innate Abilities, Weirdness & Mutations

You are a hulking beast.
Your limbs bulge with bestial killing power. (Slay +2)
You are too large for most types of armour.
You have tough skin. (AC +1)


Message History

You puncture the black bear!
The black bear is severely wounded.
The black bear goes berserk!
You barely miss the black bear.
The black bear is severely wounded.
The black bear barely misses you.
The black bear claws you but does no damage. x2
The black bear barely misses you.
The black bear claws you but does no damage.
The black bear claws you.
You closely miss the black bear.
The black bear is severely wounded.
The black bear closely misses you. The black bear barely misses you.
The black bear closely misses you. The black bear bites you!
The black bear barely misses you. The black bear closely misses you.
Unknown command.
You barely miss the black bear. Your punch misses the black bear.
The black bear is severely wounded.
The black bear barely misses you. The black bear claws you. x2
The black bear bites you. The black bear claws you. x2
* * * LOW HITPOINT WARNING * * *
You barely miss the black bear.
The black bear is severely wounded.
The black bear barely misses you. The black bear claws you.
* * * LOW HITPOINT WARNING * * *
The black bear claws you.
* * * LOW HITPOINT WARNING * * *
The black bear barely misses you. The black bear claws you.
* * * LOW HITPOINT WARNING * * *
The black bear claws you.
* * * LOW HITPOINT WARNING * * *
Unknown command.
Okay, then.
Okay, then.
Aiming: Paralyse
Press: ? - help, Shift-Dir - straight line, f/p - black bear
Aim: a black bear (severely wounded, berserk, chance to affect: 49%)
The black bear resists with some effort.
The black bear bites you.
You die...

#..#.#.......... .#
#............... # .
#..###.####..... .. .
##..##.####..... §§.#.
##.......)...## >....#
#..#...###..## §.....#
#.#..#####..#
#.!.#####.#.#####...#
#...hh....# #.[.#.#
#.######)..## #.###.# . ##
#<..h....).# ##.###.... .#
.....#.#.).####.......#
.#######...#........###..#.###.#
.....#..>##...#.#.......#..# .#
####.....>........###.....## .#
#.<..####..##..####.##...#
#..### #.# ##..##..##.#..#


You could see a black bear (berserk).

Vanquished Creatures
  A kobold brigand (D:5)
  An iguana (D:5)
  An orc wizard (D:5)
  10 adders
  5 gnolls
  3 dart slugs
  2 worms
  3 orcs
  8 endoplasms
  2 giant cockroaches
  A goblin (D:4)
  8 hobgoblins
  4 jackals (D:3)
  9 kobolds
  A quokka (D:1)
  A ball python (D:2)
  7 bats
  2 frilled lizards
  A rat (D:1)
70 creatures vanquished.

Notes
Turn   | Place    | Note
-------+----------+-------------------------------------------
     0 | D:1      | Shayle the Ogre Shapeshifter began the quest for the Orb.
     0 | D:1      | Reached XP level 1. HP: 19/19 MP: 1/1
   101 | D:1      | Reached XP level 2. HP: 28/28 MP: 2/2
   150 | D:1      | Reached skill level 1 in Spellcasting
   289 | D:1      | Reached XP level 3. HP: 35/35 MP: 4/4
   477 | D:1      | Found Qaips's Jewellery Emporium.
   888 | D:2      | Reached XP level 4. HP: 31/44 MP: 6/6
  1310 | D:2      | Identified the ring "Yphoc" {MP+9 Str+3}
  2195 | D:3      | Reached XP level 5. HP: 52/53 MP: 8/8
  2731 | D:4      | Noticed an ogre
  2731 | D:4      | Noticed an ogre
  2743 | D:4      | Found an ornate altar of the Wu Jian Council.
  2749 | D:4      | Noticed Grinder
  2758 | D:5      | Entered Level 5 of the Dungeon
  2971 | D:5      | Noticed a phantom
  3005 | D:5      | Reached XP level 6. HP: 37/62 MP: 8/10
  3253 | D:5      | Found a staircase to the Ecumenical Temple.
  3275 | D:5      | Noticed a black bear
  3288 | D:5      | HP: 1/62 [black bear (3)]
  3289 | D:5      | Slain by a black bear

Illustrated notes

Levels and vault maps discovered:
D:1:      lemuel_arrival_broad_hall, layout_basic, serial_shops,
          nicolae_shop_peninsula
D:2:      layout_loops_ring, minmay_misc_feat_diagonals
D:3:      layout_loops_corners, wander_ebering_terrifying_dragon_lair
D:4:      layout_rooms, regret_index_temple_of_mockery,
          nicolae_wu_jian_wuxing_cycle, uniq_grinder, uniq_robin
D:5:      layout_rooms, minmay_temple_entry_purple_smoke, serial_glass,
          glass_columns_a, glass_columns_c, glass_columns_c, glass_columns_c,
          glass_columns_b, glass_columns_a, glass_columns_b, glass_columns_b,
          dk_rats_in_the_wall

Skill      XL: |  1  2  3  4  5  6 |
---------------+-------------------+-----
Fighting       | 2 3 4 |  4.3
Spellcasting   | 1 2 3 |  3.1
Unarmed Combat | 3 4 |  4.0
Shapeshifting  | 4 |  4.1
Dodging        | |  1.7

Action                     |  1- 3 |  4- 6 || total
---------------------------+-------+-------++-------
  Melee: Unarmed           |    90 |    62 ||   152
         Spear             |       |    60 ||    60
         Punch             |       |     6 ||     6
         Trident           |       |    17 ||    17
  Evoke: Wand              |       |     1 ||     1
    Use: Scroll            |       |     3 ||     3
   Stab: Sleeping          |       |     1 ||     1
 Armour: Animal skin       |    65 |    96 ||   161
  Dodge: Dodged            |    50 |    70 ||   120

Table legend: (Time is in decaauts)
 A = Elapsed time spent in this place.
 B = Non-inter-level travel time spent in this place.
 C = Inter-level travel time spent in this place.
 D = Time resting spent in this place.
 E = Time spent auto-exploring this place.
 F = Levels seen in this place.
 G = Mean time per level.
                   A        B        C        D        E       F      G
               +--------+--------+--------+--------+--------+-----+--------+
         Total |   3290 |   3253 |     37 |    314 |   2178 |   5 |  658.0 |
       Dungeon |   3290 |   3253 |     37 |    314 |   2178 |   5 |  658.0 |
               +--------+--------+--------+--------+--------+-----+--------+

Top non-repeatable levels by time:
     D:3: 920 daAuts
     D:2: 836 daAuts
     D:1: 824 daAuts
     D:5: 537 daAuts
     D:4: 170 daAuts
